 Dungeon Crawl Stone Soup version 0.31.0-12-g77e489cdc1 (webtiles) character file.

Game seed: 13567265688588041183

46 booth the Chopper (level 3, -3/28 HPs)
             Began as a Demonspawn Gladiator on Feb 28, 2024.
             Slain by a black bear (4 damage)
             ... on level 2 of the Dungeon.
             The game lasted 00:07:12 (909 turns).

booth the Chopper (Demonspawn Gladiator)             Turns: 909, Time: 00:07:13

Health: -3/28      AC:  4    Str: 14 (16) XL:     3   Next: 44%
Magic:  3/3        EV:  6    Int:  7 (10) God:
Gold:   30         SH:  0    Dex: 11 (14) Spells: 2/2 levels left

rFire   . . .        a - +0 war axe
rCold   . . .        (no shield)
rNeg    . . .        b - +0 leather armour
rPois   .            c - +0 helmet
rElec   .            (no cloak)
rCorr   .            (no gloves)
SInv    .            (no boots)
Will    .....        (no amulet)
Stlth   +            (no ring)
HPRegen 0.24/turn    (no ring)
MPRegen 0.08/turn

%: no passive effects
@: held
A: big brain 1
a: no special abilities


You were on level 2 of the Dungeon.
You visited 1 branch of the dungeon, and saw 2 of its levels.

You collected 30 gold pieces.

Inventory:

Hand Weapons
 a - a +0 war axe (weapon)
Missiles
 d - 3 throwing nets (quivered)
 e - a javelin
Armour
 b - a +0 leather armour (worn)
 c - a +0 helmet (worn)
Jewellery
 h - an amulet of faith
Scrolls
 f - a scroll of fear
 i - a scroll of immolation {unknown}


   Skills:
 + Level 2.4 Fighting
 * Level 3.3 Axes
 + Level 2.2 Throwing
 + Level 3.0 Dodging


You had 2 spell levels left.
You didn't know any spells.
Your spell library contained the following spells:

 Spells                   Type           Power      Damage    Failure   Level
 Sculpt Simulacrum        Ice/Alch       0%         N/A       100%        6
 Ozocubu's Refrigeration  Ice            0%         4d7       100%        7
 Polar Vortex             Ice            0%         N/A       100%        9


Dungeon Overview and Level Annotations

Branches:
Dungeon (2/15)

Altars:

Shops:
D:2 !


Innate Abilities, Weirdness & Mutations

You have an unusually large brain. (Int +2)


Message History

The ball python grabs you. The ball python constricts you.
You slash the ribbon worm!
The ribbon worm is moderately wounded.
You hit the ball python.
You kill the ball python!
The ribbon worm bites you.
You barely miss the ribbon worm.
The ribbon worm is moderately wounded.
An endoplasm comes into view.
A black bear comes into view.
The goblin throws a stone.
The stone barely misses you. The ribbon worm bites you.
You barely miss the ribbon worm.
The ribbon worm is moderately wounded.
The ribbon worm bites you.
* * * LOW HITPOINT WARNING * * *
The black bear growls angrily.
You hit the ribbon worm.
The ribbon worm is heavily wounded.
You hit the goblin.
You kill the goblin!
An adder comes into view.
A quokka comes into view.
The ribbon worm barely misses you.
You barely miss the ribbon worm.
The ribbon worm is moderately wounded.
The ribbon worm bites you.
* * * LOW HITPOINT WARNING * * *
You barely miss the ribbon worm.
The ribbon worm is moderately wounded.
The ribbon worm expels a string of sticky webbing.
The stream of webbing hits you but does no damage.
You are caught in a web!
You struggle to detach yourself from the web.
The endoplasm hits you but does no damage.
The ribbon worm bites you.
* * * LOW HITPOINT WARNING * * *
It was a potion of degeneration.
There was something very wrong with that liquid.
You feel weakened.
You feel dopey.
You feel clumsy. The black bear bites you.
You die...

#.∩...............###.
#. #............###.##
#. #...........## ..#.
#......<....# .....
##..........##......
#.............!....
#..........##......
#...........hS.....
#....##....@J......
###########wr......
#........ #........
#......>. .........
#........ #..###>..


You could see a black bear, a ribbon worm, an adder, an endoplasm and a quokka.

Vanquished Creatures
  An adder (D:2)
  3 dart slugs (D:1)
  2 ball pythons
  An endoplasm (D:1)
  A giant cockroach (D:1)
  4 goblins
  5 hobgoblins
  3 kobolds (D:1)
  A quokka (D:2)
  5 bats
  A frilled lizard (D:2)
  2 rats (D:1)
29 creatures vanquished.

Notes
Turn   | Place    | Note
-------+----------+-------------------------------------------
     0 | D:1      | booth the Demonspawn Gladiator began the quest for the Orb.
     0 | D:1      | Reached XP level 1. HP: 16/16 MP: 1/1
   243 | D:1      | Gained mutation: You have an unusually large brain. (Int
                  | +2) [demonic ancestry]
   243 | D:1      | Reached XP level 2. HP: 22/22 MP: 2/2
   559 | D:1      | Reached XP level 3. HP: 28/28 MP: 3/3
   847 | D:2      | Found Itoig's Distillery.
   903 | D:2      | Noticed a black bear
   908 | D:2      | HP: 1/28 [ribbon worm (6)]
   909 | D:2      | Slain by a black bear

Illustrated notes

Levels and vault maps discovered:
D:1:      amcnicky_arrival_choice, layout_rooms
D:2:      layout_rooms, serial_shops, shop, nicolae_shop_hallway_stairs

Skill      XL: |  1  2  3 |
---------------+----------+-----
Throwing       | 2 |  2.2
Axes           | 3 |  3.3
Dodging        | 3 |  3.0
Fighting       | |  2.4

Action                     || total
---------------------------++-------
  Melee: War axe           ||    69
    Use: Potion            ||     2
         Scroll            ||     1
 Armour: Leather armour    ||    53
  Dodge: Dodged            ||    53
